 Dungeon Crawl Stone Soup version 0.30.0-17-ge0270778cf (webtiles) character file.

Game seed: 15527480566263482361

13455 BillyBaka the Protected (level 11, -7/89 HPs)
             Began as an Armataur Fighter on May 23, 2023.
             Was a High Priest of Hepliaklqana.
             Mangled by an ice devil (20 damage)
             ... on level 2 of the Lair of Beasts.
             The game lasted 00:43:41 (10971 turns).

BillyBaka the Protected (Armataur Fighter)         Turns: 10971, Time: 00:43:43

Health: -7/89      AC: 21    Str: 24    XL:     11   Next: 75%
Magic:  11/11      EV:  7    Int:  9    God:    Hepliaklqana [*****.]
Gold:   437        SH:  6    Dex: 11    Spells: 10/10 levels left

rFire   . . .        r - +2 trident (protect)
rCold   . . .        c - +0 buckler
rNeg    . . .        a - +1 scale mail {Will+}
rPois   .            j - +0 helmet
rElec   .            C - +0 cloak
rCorr   +            F - +0 pair of gloves
SInv    .            (no barding)
Will    ++...        (no amulet)
Stlth   +++          s - ring of willpower
HPRegen 0.34/turn    K - ring of resist corrosion
MPRegen 0.12/turn

%: roll
@: under a protective aura
A: reduced essence, large, rugged brown scales 3, deformed body, armoured tail,
roll, long tongue, awkward tongue
a: Renounce Religion, Recall Ancestor, Ancestor Identity, Transference, Idealise


You were on level 2 of the Lair of Beasts.
You worshipped Hepliaklqana.
Hepliaklqana was extremely pleased with you.
You visited 3 branches of the dungeon, and saw 13 of its levels.

You collected 699 gold pieces.
You spent 262 gold pieces at shops.

Inventory:

Hand Weapons
 r - a +2 trident of protection (weapon)
Missiles
 t - 5 curare-tipped darts
 w - 4 javelins
 z - 3 boomerangs of dispersal
 A - a boomerang (quivered)
Armour
 a - a +1 scale mail of willpower (worn)
 c - a +0 buckler (worn)
 j - a +0 helmet (worn)
 C - a +0 cloak (worn)
 F - a +0 pair of gloves (worn)
Jewellery
 s - a ring of willpower (left hand)
 K - a ring of resist corrosion (right hand)
Wands
 B - a wand of flame (10)
 H - a wand of mindburst (7)
Scrolls
 b - 3 scrolls of magic mapping
 f - 4 scrolls of noise
 h - 4 scrolls of teleportation
 i - a scroll of blinking
 n - 3 scrolls of fog
 q - 2 scrolls of silence
 u - 2 scrolls of enchant weapon
 v - 2 scrolls of immolation
 x - 2 scrolls of enchant armour
 y - 2 scrolls of identify
 E - 2 scrolls of vulnerability
 G - a scroll of brand weapon
 J - a scroll of torment
 M - a scroll of amnesia {unknown}
Potions
 d - 4 potions of might
 e - a potion of attraction
 g - 2 potions of heal wounds
 k - a potion of berserk rage
 l - 2 potions of cancellation
 m - 3 potions of flight
 o - 2 potions of ambrosia
 p - 3 potions of haste
 I - a potion of lignification
 L - a potion of curing
Miscellaneous
 D - a lightning rod (4/4)


   Skills:
 + Level 7.5 Fighting
 - Level 3.0 Long Blades
 * Level 8.4 Polearms
 + Level 9.8 Armour
 + Level 9.1 Stealth
 + Level 9.0 Shields
 + Level 5.1 Evocations


You had 10 spell levels left.
You didn't know any spells.
Your spell library contained the following spells:

 Spells                   Type           Power      Damage    Failure   Level
 Blink                    Tloc           0%         N/A       83%         2
 Lesser Beckoning         Tloc           0%         N/A       83%         2
 Momentum Strike          Conj/Tloc      0%         3d8       83%         2
 Alistair's Intoxication  Tmut/Pois      0%         N/A       100%        5
 Borgnjor's Vile Clutch   Necr/Erth      0%         N/A       100%        5
 Eringya's Noxious Bog    Tmut/Pois      0%         N/A       100%        6


Dungeon Overview and Level Annotations

Branches:
Dungeon (10/15)            Temple (1/1) D:7            Lair (2/5) D:10
 Spider (0/4) Lair:2
  Swamp: Lair:2-3    Shoals: Lair:2-3       Orc: D:9-12

Altars:
Ashenzari
Cheibriados
Dithmenos
Elyvilon
Fedhas
Gozag
Hepliaklqana
Kikubaaqudgha
Makhleb
Nemelex Xobeh
Okawaru
Qazlal
Ru
Sif Muna
Trog
Uskayaw
Vehumet
Wu Jian
Xom
Yredelemnul
Zin
The Shining One

Shops:
D:3 !   D:4 [

Portals:
Ice
Cave: Lair:2

Annotations:
D:2 1 runed translucent door, Crazy Yiuf
D:8 3 runed translucent doors, exclusion: 3 doors, TheFallenCrow's ghost, novice DsMo


Innate Abilities, Weirdness & Mutations

Your life essence is reduced to manifest your ancestor. (-10% HP)
You are completely covered in rugged brown scales. (AC +3, +7% HP)
Armour fits poorly on your strangely shaped body.
You have a long armoured tail.
You roll when moving toward enemies. (Rampage)
Your long tongue fully drains potion bottles. (2x potion effects)
Your tongue gives you trouble enunciating. (1.5x scroll delay)


Message History

You block the ice devil's attack.
The ice devil hits you but does no damage.
You hit the ice devil.
The ice devil is almost dead.
The ice devil completely misses you.
The ice devil hits you but does no damage.
You barely miss the ice devil. You tail-slap the ice devil.
You kill the ice devil!
The ice devil closely misses you.
You barely miss the ice devil. You hit the ice devil but do no damage.
The ice devil hits you but does no damage.
You hit the ice devil but do no damage. You block the ice devil's attack.
You hit the ice devil.
The ice devil is lightly wounded.
The ice devil hits you. The ice devil freezes you!!
You hit the ice devil.
The ice devil is lightly wounded.
The ice devil hits you but does no damage.
You hit the ice devil.
The ice devil is moderately wounded.
The ice devil hits you but does no damage.
You hit the ice devil but do no damage.
The ice devil is moderately wounded.
The ice devil hits you but does no damage.
You barely miss the ice devil.
The ice devil is moderately wounded.
The ice devil hits you. The ice devil freezes you!
* * * LOW HITPOINT WARNING * * *
You feel much better.
You slurp down every last drop of the potion of heal wounds!
The ice devil hits you! The ice devil freezes you!!
* * * LOW HITPOINT WARNING * * *
You hit the ice devil.
You tail-slap the ice devil, but do no damage.
The ice devil is moderately wounded.
The ice devil hits you.
* * * LOW HITPOINT WARNING * * *
The ice devil freezes you!!
You die...

#..∩..#
..... .....
... #.#
##.## #.4.#
#@#'# ##...#
#....#
##..## #.#.#
###.###
#...# #.†##
#
#####...#.#.


You could see an ice devil.

Vanquished Creatures
  3 two-headed ogres
  Amaemon (Lair:1)
  An oklob plant (D:10)
  A black mamba (Lair:1)
  Joseph (D:9)
  2 cane toads (Lair:1)
  A rime drake (Lair:1)
  2 komodo dragons (Lair:1)
  An ice devil (Lair:2)
  2 blink frogs
  Sigmund (D:3)
  A shadow (D:6)
  6 yaks
  3 water moccasins
  A black bear (D:8)
  An ice beast (D:7)
  A sky beast (D:7)
  A centaur (D:4)
  The ghost of Valagong the Trooper, an amateur GrCA of Ignis (D:4)
  Blork the orc (D:5)
  5 bullfrogs
  2 scorpions
  9 wights
  7 killer bees
  2 howler monkeys (D:10)
  3 jellies
  2 orc priests
  4 orc wizards
  Terence (D:3)
  An iguana (D:6)
  2 adders
  2 white imps
  2 ufetubi
  A worm (D:3)
  3 dart slugs
  10 orcs
  10 endoplasms
  3 giant cockroaches
  4 goblins
  6 hobgoblins
  9 jackals
  7 quokkas
  4 ball pythons
  3 bats
  3 frilled lizards
  3 kobolds
  4 rats
144 creatures vanquished.

Vanquished Creatures (collateral kills)
  A black mamba (Lair:1)
  An orange demon (Lair:1)
  6 blink frogs
  A shadow (D:9)
  A wraith (D:9)
  A wyvern (D:10)
  4 yaks
  2 vampire mosquitoes (D:7)
  2 water moccasins
  A sky beast (D:6)
  An ice beast (D:8)
  An ogre (D:7)
  2 centaurs
  2 bullfrogs
  6 wights
  4 killer bees (D:9)
  A howler monkey (D:6)
  A hound (D:7)
  A jelly (D:6)
  An iron imp (D:10)
  2 iguanas
  2 orc wizards
  A worm (D:4)
  2 dart slugs (D:4)
  13 orcs
  A ball python (D:4)
  A bat (D:3)
  A giant cockroach (D:4)
  A goblin (D:4)
  A hobgoblin (D:4)
  A jackal (D:4)
  2 kobolds (D:4)
68 creatures vanquished.

Vanquished Creatures (others)
  4 battlemagi
4 creatures vanquished.

Grand Total: 216 creatures vanquished

Notes
Turn   | Place    | Note
-------+----------+-------------------------------------------
     0 | D:1      | BillyBaka the Armataur Fighter began the quest for the Orb.
     0 | D:1      | Reached XP level 1. HP: 19/19 MP: 1/1
   105 | D:1      | Reached XP level 2. HP: 21/26 MP: 2/2
   231 | D:1      | Reached skill level 1 in Stealth
   618 | D:2      | Found a faded altar of an unknown god.
   633 | D:2      | Reached XP level 3. HP: 30/33 MP: 3/3
  1353 | D:2      | Found a runed translucent door.
  1354 | D:2      | Noticed Crazy Yiuf
  1750 | D:3      | Noticed Sigmund
  1761 | D:3      | Killed Sigmund
  1762 | D:3      | Reached XP level 4. HP: 36/40 MP: 4/4
  1762 | D:3      | Reached XP level 5. HP: 43/48 MP: 5/5
  1860 | D:3      | Found Roibopu's Distillery.
  1882 | D:3      | Bought a potion of curing for 30 gold pieces
  1882 | D:3      | Bought a potion of heal wounds for 50 gold pieces
  1924 | D:3      | Noticed Terence
  1932 | D:3      | Killed Terence
  2370 | D:3      | Reached XP level 6. HP: 21/55 MP: 6/6
  2690 | D:3      | Found a broken altar of Ashenzari.
  2690 | D:3      | Found a bloodstained altar of Trog.
  2697 | D:3      | Found a faded altar of an unknown god.
  2699 | D:3      | Found a faded altar of an unknown god.
  2701 | D:3      | Found a shimmering blue altar of Sif Muna.
  2714 | D:3      | Prayed at the altar of an unknown god.
  2714 | D:3      | Became a worshipper of Hepliaklqana the Forgotten
  2714 | D:3      | Reached * piety under Hepliaklqana
  2917 | D:4      | Reached skill level 5 in Armour
  2922 | D:4      | Reached skill level 1 in Polearms
  2977 | D:4      | Found a runed translucent door.
  2978 | D:4      | Noticed Valagong's ghost (amateur GrCA)
  2993 | D:4      | Killed Valagong's ghost
  2994 | D:4      | Reached XP level 7. HP: 44/57 MP: 7/7
  3068 | D:4      | Reached ** piety under Hepliaklqana
  3069 | D:4      | Remembered your ancestor Nyan as a battlemage
  3123 | D:4      | Found Koloff's Antique Armour Emporium.
  3336 | D:5      | Entered Level 5 of the Dungeon
  3373 | D:5      | Reached skill level 5 in Shields
  3503 | D:5      | Noticed Blork the orc
  3512 | D:5      | Killed Blork the orc
  3798 | D:5      | Found a white marble altar of Elyvilon.
  4044 | D:4      | Bought a glowing scale mail for 182 gold pieces
  4220 | D:6      | Found a blossoming altar of Fedhas.
  4234 | D:6      | Reached XP level 8. HP: 33/64 MP: 8/8
  4619 | D:6      | Found an ornate altar of the Wu Jian Council.
  4871 | D:6      | Reached skill level 5 in Stealth
  5095 | D:6      | Reached *** piety under Hepliaklqana
  5294 | D:7      | Found an ancient bone altar of Kikubaaqudgha.
  5337 | D:7      | Reached skill level 5 in Fighting
  5670 | D:7      | Reached XP level 9. HP: 26/71 MP: 9/9
  5893 | D:7      | Found an opulent altar of Gozag.
  5927 | D:7      | Found a staircase to the Ecumenical Temple.
  5933 | Temple   | Entered the Ecumenical Temple
  6330 | D:7      | Found a hazy altar of Hepliaklqana.
  6401 | D:7      | Reached skill level 5 in Polearms
  6766 | D:8      | Reached **** piety under Hepliaklqana
  6813 | D:8      | Found a runed translucent gate.
  6813 | D:8      | Found a runed translucent gate.
  6813 | D:8      | Found a runed translucent gate.
  6815 | D:8      | Found an opulent altar of Gozag.
  6817 | D:8      | Noticed a troll
  6817 | D:8      | Noticed TheFallenCrow's ghost (novice DsMo)
  6859 | D:8      | Reached skill level 1 in Evocations
  7188 | D:8      | Found a glowing golden altar of the Shining One.
  7403 | D:9      | Reached XP level 10. HP: 74/80 MP: 10/10
  7602 | D:9      | Found a burning altar of Makhleb.
  7748 | D:9      | Noticed a two-headed ogre
  7756 | D:9      | Killed a two-headed ogre
  7898 | D:9      | Noticed a two-headed ogre
  7903 | D:9      | Killed a two-headed ogre
  7986 | D:9      | Noticed Joseph
  7995 | D:9      | Killed Joseph
  8416 | D:10     | Entered Level 10 of the Dungeon
  8499 | D:10     | Found a staircase to the Lair.
  8499 | D:10     | Noticed an oklob plant
  8520 | D:10     | Killed an oklob plant
  8718 | D:10     | Noticed a two-headed ogre
  8731 | D:10     | Killed a two-headed ogre
  9036 | D:10     | Reached XP level 11. HP: 88/88 MP: 11/11
  9263 | D:10     | Found a snail-covered altar of Cheibriados.
  9431 | Lair:1   | Entered Level 1 of the Lair of Beasts
  9446 | Lair:1   | Noticed Amaemon
  9471 | Lair:1   | Killed Amaemon
  9727 | Lair:1   | Reached ***** piety under Hepliaklqana
 10929 | Lair:2   | Reached skill level 5 in Evocations
 10932 | Lair:2   | Found a hole to the Spider Nest.
 10947 | Lair:2   | Found a frozen archway.
 10971 | Lair:2   | Mangled by an ice devil

Illustrated notes

Levels and vault maps discovered:
D:1:      lemuel_arrival_river_bridge, layout_rooms
D:2:      layout_loops_ring, hellmonk_ecumenical_altar_arch_garden,
          kennysheep_generic_room_5, uniq_crazy_yiuf_cottage
D:3:      layout_basic, chequers_temple_overflow_minitemple, serial_aquarium,
          aquarium_bridge_long_joined [aquarium_subvault_wall,
          aquarium_subvault_bridge, aquarium_subvault_bridge,
          aquarium_subvault_window, aquarium_subvault_bridge,
          aquarium_subvault_window], aquarium_window_corner, aquarium_window_1,
          aquarium_view_2c, aquarium_pool_2, serial_shops,
          nicolae_shop_industrial_runoff, uniq_sigmund, uniq_terence
D:4:      layout_cave_pools, ebering_ghost_inner_flame, serial_shops, shop
D:5:      layout_loops_cross, amcnicky_altar_gilded, uniq_blork_the_orc
D:6:      layout_basic, fedhas_altar_2, nzn_wu_jian_contemplation,
          minmay_three_doors
D:7:      layout_gridville, mainiacjoe_overflow_small_starburst,
          nicolae_overflow_crystal_walls, worldfamousw_hep_ancestral_shrine,
          temple_green
D:8:      layout_gridville, tso_oasis_becter, ebering_ghost_gozag
D:9:      layout_loops_corners, lightli_temple_of_fire, uniq_joseph
D:10:     wad_crossroads, layout_cross, chei_slow_surprise, dpeg_oklobed_lair
Temple:   cyrus_temple_forest
Lair:1:   layout_gridlike, uniq_amaemon
Lair:2:   layout_cave_pods, shoals_dummy_entry, spider_nest_entry_web_field,
          portal_ice_cave_demonic_guard, uniq_erica

Skill      XL: |  1  2  3  4  5  6  7  8  9 10 11 |
---------------+----------------------------------+-----
Long Blades    | 2 3 |  3.0
Stealth        | 1 2 3 4 5 7 8 9 |  9.1
Fighting       | 3 4 5 6 7 |  7.5
Armour         | 4 5 6 7 9 |  9.8
Shields        | 4 5 6 7 8 9 |  9.0
Polearms       | 1 3 4 6 7 8 |  8.4
Evocations     | 1 3 5 |  5.1

Action                     |  1- 3 |  4- 6 |  7- 9 | 10-12 || total
---------------------------+-------+-------+-------+-------++-------
  Melee: Long sword        |   111 |    58 |       |       ||   169
         Tailslap          |     8 |    13 |    19 |    55 ||    95
         Trident           |       |    44 |   219 |   329 ||   592
  Throw: Dart              |       |       |     4 |     5 ||     9
         Boomerang         |       |       |       |    11 ||    11
 Invoke: Ancestor Identity |       |     2 |       |       ||     2
         Ancestor Life: Ba |       |       |     1 |       ||     1
         Recall Ancestor   |       |       |     1 |       ||     1
  Evoke: Lightning rod     |       |       |       |     2 ||     2
    Use: Scroll            |       |     5 |     7 |     5 ||    17
         Potion            |       |       |       |    12 ||    12
   Stab: Distracted        |       |       |     3 |     4 ||     7
         Sleeping          |       |       |     3 |     5 ||     8
 Armour: Scale mail        |    80 |    30 |    81 |   196 ||   387
         Chain mail        |       |    31 |    14 |       ||    45
  Dodge: Dodged            |    56 |    29 |    44 |   102 ||   231
  Block: Buckler           |    28 |    29 |    24 |    94 ||   175
